 Dungeon Crawl Stone Soup version 0.21.0-24-g2553a3340b (webtiles) character file.

12620 Peloso the Carver (level 11, -14/99 HPs)
             Began as a Minotaur Fighter on Jan 21, 2018.
             Was the Champion of Okawaru.
             Killed from afar by a hell hog (27 damage)
             ... with a fireball
             ... in a volcano.
             The game lasted 00:37:15 (11787 turns).

Peloso the Carver (Minotaur Fighter)               Turns: 11787, Time: 00:37:15

Health: -14/99     AC: 22    Str: 30    XL:     11   Next: 64%
Magic:  0/11       EV: 14    Int:  5    God:    Okawaru [******]
Gold:   857        SH: 16    Dex: 13    Spells: 10/10 levels left

rFire    . . .     SeeInvis .   a - +2 falchion (flame)
rCold    + . .     Gourm    .   c - +1 shield
rNeg     . . .     Faith    .   z - +0 plate armour
rPois    +         Spirit   +   L - +2 hat {MR+}
rElec    .         Reflect  .   B - +0 cloak
rCorr    .         Harm     .   (no gloves)
MR       +....                  M - +0 pair of boots "Ritiacet" {rPois rC+ Dex+2}
Stlth    ..........             s - amulet of guardian spirit
HPRegen  0.26/turn              K - +1 ring of evasion
MPRegen  0.12/turn              v - +2 ring of strength

@: mighty, about to teleport, heroism
A: retaliatory headbutt, horns 2
a: Heroism, Finesse, Renounce Religion


You were in a volcano.
You worshipped Okawaru.
Okawaru was exalted by your worship.
You were very hungry.

You visited 2 branches of the dungeon, and saw 12 of its levels.
You also visited: Sewer, Ossuary and Volcano.

You collected 917 gold pieces.
You spent 60 gold pieces at shops.

Inventory:

Hand Weapons
 a - a +2 falchion of flaming (weapon)
 H - the +5 dagger "Eshrycej" {drain, SInv Stlth+}
   (You found it on level 7 of the Dungeon)

   A truly terrible weapon, it drains the life of those it strikes.
   It lets you see invisible.
   It makes you more stealthy.
Armour
 c - a +1 shield (worn)
 z - a +0 plate armour (worn)
 B - a +0 cloak (worn)
 L - a +2 hat of magic resistance (worn)
 M - the +0 pair of boots "Ritiacet" (worn) {rPois rC+ Dex+2}
   (Okawaru gifted it to you on level 1 of the Lair of Beasts)

   It affects your dexterity (+2).
   It protects you from cold.
   It protects you from poison.
Jewellery
 s - an amulet of guardian spirit (around neck)
 v - a +2 ring of strength (right hand)
 K - a +1 ring of evasion (left hand)
Wands
 u - a wand of digging (9)
 w - a wand of disintegration (5)
Scrolls
 r - 8 scrolls of teleportation
 t - 2 scrolls of remove curse
 y - 7 scrolls of identify
Potions
 d - a potion of might
 h - a potion of heal wounds
 i - 3 potions of invisibility
 l - 4 potions of haste
 n - 4 potions of flight
 x - 6 potions of curing
 C - 3 potions of agility
Comestibles
 f - 22 rations


   Skills:
 + Level 10.1(15.1) Fighting
 + Level 11.8(16.8) Long Blades
 + Level 10.9(15.9) Armour
 + Level 4.6(9.6) Dodging
 + Level 1.1(6.1) Stealth
 + Level 11.6(16.6) Shields
 + Level 1.0 Invocations
 + Level 2.3 Evocations


You had 10 spell levels left.
You didn't know any spells.

Dungeon Overview and Level Annotations

Branches:
Dungeon (10/15)            Temple (0/1) D:5            Lair (2/6) D:8
  Swamp: Lair:2-4    Shoals: Lair:2-4     Snake: Lair:2-4    Spider: Lair:2-4
    Orc: D:9-12

Altars:
Dithmenos
Gozag
Kikubaaqudgha
Makhleb
Okawaru
Sif Muna
Xom
Yredelemnul
The Shining One

Shops:
D:4 (([!   D:6 *}:[   D:8 [


Innate Abilities, Weirdness & Mutations

You reflexively headbutt those who attack you in melee.
You have a pair of horns on your head.


Message History

The molten gargoyle completely resists.
The fireball engulfs the hell hound.
The hell hound completely resists.
The fireball engulfs the hell hog.
The hell hog resists.
The fireball engulfs the hell hound.
The hell hound completely resists.
You block the hell hound's attack. The hell hound misses you.
You furiously retaliate!
You headbutt the hell hound. You block the molten gargoyle's attack.
The hell hog bites you but does no damage.
As you read the scroll of fear, it crumbles to dust.
You assume a fearsome visage.
The hell hound is unaffected.
The hell hog is unaffected.
The hell hound is unaffected.
The steam dragon easily resists.
The molten gargoyle is unaffected.
You block the hell hound's attack.
The hell hound bites you but does no damage.
You block the hell hog's attack. You block the molten gargoyle's attack.
The hell hound bites you but does no damage. x2
As you read the scroll of teleportation, it crumbles to dust.
You feel strangely unstable. The hell hog breathes fire at you.
The fireball explodes!
The fireball engulfs you!
You die...

##.......#....#
##.....###8.8#
##....# ##.##
##..## #.#
########'########
##....##...##....##
#$.....'.∩.'†.....#
#$8.h⌠.#...#.⌠..8.#
#$.@9..##+##......#
##.hh.## ##....##
###8## ##8### #D![
)![# .$$$# #$$(.
###### ######


You could see a hell hog, a molten gargoyle, a steam dragon and 2 hell hounds.

Vanquished Creatures
  Gastronok (Lair:1)
  2 hydras
  A two-headed ogre (D:8)
  Maurice (D:8)
  Joseph (D:8)
  The ghost of Roak the Slasher, an amateur DrMo of Okawaru (D:4)
  Grinder (D:6)
  A hippogriff (D:9)
  2 dream sheep (D:9)
  6 yaks (D:9)
  Eustachio (D:4)
  7 fire bats (Volcano)
  A steam dragon (Volcano)
  Menkaure (D:6)
  A hell hound (Volcano)
  4 porcupines
  A water moccasin (D:8)
  4 orc warriors
  4 sky beasts
  2 phantoms
  3 ice beasts
  4 ogres
  4 wolves (Lair:2)
  2 centaurs (D:7)
  3 crocodiles
  3 big kobolds (D:9)
  5 bullfrogs
  A water moccasin skeleton (D:5)
  A scorpion (D:8)
  6 killer bees (D:7)
  2 centaur zombies
  7 lava snakes (Volcano)
  3 crimson imps
  A bullfrog zombie (D:4)
  2 jellies
  4 hounds
  2 orc priests
  4 orc wizards
  3 iguanas
  9 worker ants
  A hound skeleton (D:9)
  8 mummies (Ossuary)
  A howler monkey zombie (D:6)
  A worker ant zombie (D:9)
  3 gnolls (D:6)
  11 adders
  A howler monkey skeleton (D:4)
  A river rat (D:4)
  2 shadow imps (D:6)
  3 worms
  3 dart slugs
  9 leopard geckos
  13 orcs
  5 bats
  6 giant cockroaches
  11 goblins
  6 hobgoblins
  19 jackals
  5 quokkas
  3 ball pythons
  12 frilled lizards
  3 gnoll zombies (Ossuary)
  A jackal zombie (D:6)
  15 kobolds
  3 kobold zombies (Ossuary)
  2 orc zombies (Ossuary)
  2 quokka skeletons (D:4)
  7 rats
  A fungus (Lair:1)
  4 plants (Sewer)
274 creatures vanquished.

Vanquished Creatures (others)
  2 fungi (D:8)
  4 plants
6 creatures vanquished.

Grand Total: 280 creatures vanquished

Notes
Turn   | Place    | Note
-------+----------+-------------------------------------------
     0 | D:1      | Peloso the Minotaur Fighter began the quest for the Orb.
     0 | D:1      | Reached XP level 1. HP: 19/19 MP: 0/0
    83 | D:1      | Reached XP level 2. HP: 26/27 MP: 1/1
   306 | D:1      | Reached XP level 3. HP: 33/33 MP: 2/2
  1287 | D:2      | Reached XP level 4. HP: 38/40 MP: 3/3
  1382 | D:2      | Found a deep blue altar of Sif Muna.
  1428 | D:2      | Found an opulent altar of Gozag.
  1551 | D:2      | Found a faded altar of an unknown god.
  2129 | D:3      | Found an iron altar of Okawaru.
  2129 | D:3      | Found a burning altar of Makhleb.
  2130 | D:3      | Found a shadowy altar of Dithmenos.
  2175 | D:3      | Became a worshipper of Warmaster Okawaru
  2481 | D:4      | Found Harysigg's Weapon Shoppe.
  2485 | D:4      | Noticed an ogre
  2488 | D:4      | Killed an ogre
  2488 | D:4      | Reached skill level 1 in Dodging
  2488 | D:4      | Reached XP level 5. HP: 42/47 MP: 4/4
  2491 | D:4      | Reached skill level 5 in Shields
  2524 | D:4      | Found Oschec's Weapon Shop.
  2530 | D:4      | Reached skill level 5 in Armour
  2556 | D:4      | Reached * piety under Okawaru
  2556 | D:4      | Reached XP level 6. HP: 18/53 MP: 3/5
  2726 | D:4      | Reached skill level 5 in Long Blades
  2731 | D:4      | Reached XP level 7. HP: 32/60 MP: 6/6
  2735 | D:4      | Found a glowing drain.
  2744 | Sewer    | Entered a sewer
  3953 | D:4      | Noticed Roak's ghost (amateur DrMo)
  3976 | D:4      | Killed Roak's ghost
  3976 | D:4      | Reached skill level 5 in Fighting
  4218 | D:4      | Found a basalt altar of Yredelemnul.
  4263 | D:4      | Found Xyurei's Armour Emporium.
  4282 | D:4      | Noticed Eustachio
  4332 | D:4      | Killed Eustachio
  4351 | D:4      | Found Aloemoy's Distillery.
  4359 | D:4      | Bought a potion of curing for 30 gold pieces
  4359 | D:4      | Bought a potion of flight for 30 gold pieces
  4381 | D:4      | Reached XP level 8. HP: 36/68 MP: 7/7
  4498 | D:5      | Entered Level 5 of the Dungeon
  4532 | D:5      | Reached ** piety under Okawaru
  5012 | D:5      | Found a staircase to the Ecumenical Temple.
  5158 | D:6      | Noticed Grinder
  5168 | D:6      | Paralysed by Grinder for 4 turns
  5173 | D:6      | Paralysed by Grinder for 5 turns
  5180 | D:6      | Paralysed by Grinder for 2 turns
  5184 | D:6      | Killed Grinder
  5209 | D:6      | Found a shimmering altar of Xom.
  5252 | D:6      | Found Futsaesma's Armour Shop.
  5316 | D:6      | Found Ezae's Book Boutique.
  5360 | D:6      | Noticed Menkaure
  5362 | D:6      | Killed Menkaure
  5383 | D:6      | Found Kezydib's General Store.
  5402 | D:6      | Found Gyikush's Gadget Shoppe.
  5498 | D:6      | Found a glowing golden altar of the Shining One.
  5687 | D:7      | Reached XP level 9. HP: 73/78 MP: 8/8
  6050 | D:7      | Reached *** piety under Okawaru
  6072 | D:7      | Got a crystal dagger
  6108 | D:7      | Found a sand-covered staircase.
  6117 | Ossuary  | Entered an ossuary
  6329 | Ossuary  | Identified the +5 dagger "Eshrycej" {drain, SInv Stlth+} (You found it on level 7 of the Dungeon)
  6433 | D:7      | Noticed a four-headed hydra
  6627 | D:8      | Reached skill level 1 in Stealth
  6920 | D:8      | Reached **** piety under Okawaru
  6975 | D:8      | Noticed Maurice
  7018 | D:8      | Killed Maurice
  7101 | D:8      | Found Vomasey's Armour Shoppe.
  7141 | D:8      | Noticed a two-headed ogre
  7152 | D:8      | Killed a two-headed ogre
  7152 | D:8      | Reached ***** piety under Okawaru
  7152 | D:8      | Reached XP level 10. HP: 19/88 MP: 3/9
  7457 | D:8      | Noticed Joseph
  7464 | D:8      | Killed Joseph
  7464 | D:8      | Reached skill level 10 in Shields
  8133 | D:8      | Found a staircase to the Lair.
  8141 | D:8      | Reached skill level 10 in Long Blades
  8597 | D:9      | Reached skill level 1 in Evocations
  9148 | D:9      | Found an ancient bone altar of Kikubaaqudgha.
  9347 | D:9      | Noticed a three-headed hydra
  9353 | D:9      | Killed a one-headed hydra
  9353 | D:9      | Reached skill level 10 in Armour
  9353 | D:9      | Reached XP level 11. HP: 88/99 MP: 9/11
  9724 | D:7      | Killed a one-headed hydra
  9724 | D:7      | Received a gift from Okawaru
 10013 | D:10     | Entered Level 10 of the Dungeon
 10117 | Lair:1   | Entered Level 1 of the Lair of Beasts
 10123 | Lair:1   | Noticed Gastronok
 10144 | Lair:1   | Killed Gastronok
 10144 | Lair:1   | Reached ****** piety under Okawaru
 10144 | Lair:1   | Received a gift from Okawaru
 10144 | Lair:1   | Reached skill level 10 in Fighting
 10153 | Lair:1   | Got a pair of faintly humming boots {god gift}
 10159 | Lair:1   | Identified the +0 pair of boots "Ritiacet" {rPois rC+ Dex+2} (Okawaru gifted it to you on level 1 of the Lair of Beasts)
 10394 | Lair:1   | Identified Eses's Compendium of Glacial Necromancy
 11234 | Lair:2   | Found a dark tunnel.
 11237 | Volcano  | Entered a volcano
 11400 | Volcano  | Reached skill level 1 in Invocations
 11718 | Volcano  | Noticed a fire crab
 11778 | Volcano  | Noticed a hell hog
 11787 | Volcano  | Killed from afar by a hell hog

Skill      XL: |  1  2  3  4  5  6  7  8  9 10 11 |
---------------+----------------------------------+-----
Fighting       | 4 5 6 8 9 10 | 10.1
Shields        | 4 5 6 7 9 10 11 | 11.6
Armour         | 4 5 6 7 8 10 | 10.9
Long Blades    | 3 4 5 6 7 9 10 11 | 11.8
Dodging        | 1 2 3 4 |  4.6
Stealth        | 1 |  1.1
Evocations     | 1 2 |  2.3
Invocations    | 1 |  1.0

Action                   |  1- 3 |  4- 6 |  7- 9 | 10-12 || total
-------------------------+-------+-------+-------+-------++-------
Melee: Long sword        |    95 |   154 |   505 |   134 ||   888
       Headbutt          |    17 |    28 |   113 |    75 ||   233
       Falchion          |       |       |       |   200 ||   200
Invok: Heroism           |       |       |     1 |     4 ||     5
       Finesse           |       |       |       |     1 ||     1
Evoke: Wand              |       |     2 |     2 |    13 ||    17
  Use: Scroll            |     2 |     8 |     6 |     7 ||    23
       Potion            |       |     4 |     5 |     2 ||    11
  Eat: Chunk             |     1 |     5 |    12 |    11 ||    29
       Ration            |       |       |     1 |     1 ||     2
Armor: Scale mail        |    43 |    61 |    67 |       ||   171
       Plate armour      |       |       |    31 |   115 ||   146
       Chain mail        |       |       |    26 |       ||    26
Dodge: Dodged            |    21 |    52 |   119 |    81 ||   273
Block: Shield            |    61 |   102 |   264 |   202 ||   629
       Rpst.: Long sword |     5 |    10 |    27 |     3 ||    45
       Falchion          |       |       |       |    15 ||    15
